 Dungeon Crawl Stone Soup version 0.26.0-10-g1f06aea511 (webtiles) character file.

Game seed: 16182567644085202462

544611 raph the Lord of Darkness (level 24, -9/142 HPs)
             Began as a Deep Elf Earth Elementalist on Jan 26, 2021.
             Was the Champion of Kikubaaqudgha.
             Killed by divine providence
             ... invoked by a green draconian stormcaller
              (15 damage)
             ... on level 2 of the Realm of Zot on Jan 29, 2021.
             The game lasted 05:48:35 (111908 turns).

raph the Lord of Darkness (DEEE)                  Turns: 111908, Time: 05:48:35

Health: -9/142     AC: 18    Str: 10    XL:     24   Next: 85%
Magic:  4/58       EV: 32    Int: 29    God:    Kikubaaqudgha [******]
Gold:   1230       SH:  9    Dex: 21    Spells: 1/63 levels left

rFire    + + +     SeeInvis .   a - +9 rapier (pain)
rCold    . . .     Faith    +   Y - +3 buckler of the Fifty Shrikes {Rampage rPois rC+}
rNeg     . . .     Spirit   .   r - +4 troll leather armour
rPois    +         Reflect  .   c - +2 helmet
rElec    +         Harm     .   l - +2 cloak {Stlth+}
rCorr    .         Rampage  +   T - +2 pair of gloves {Dex+3}
Will     ++++.                  E - +2 pair of boots {run}
Stlth    +++++++++.             W - amulet "Ogifeudd" {Faith *Drain rElec rF+++ Will+ Stlth+}
HPRegen  0.73/turn              O - ring of Cecsaar {rElec rPois rC- Will+ MP+9 EV+4}
MPRegen  0.36/turn              x - ring "Myathem" {AC+4 Str+4 Int+2 Stlth+}

@: about to teleport, corroded, very slightly contaminated, studying Summonings,
quick
A: dopey 1, screaming 1, subdued magic 3
}: 3/15 runes: decaying, slimy, gossamer
a: Renounce Religion, Receive Corpses, Torment


You were on level 2 of the Realm of Zot.
You worshipped Kikubaaqudgha.
Kikubaaqudgha was exalted by your worship.
You visited 10 branches of the dungeon, and saw 50 of its levels.
You also visited: Ice Cave.

You collected 8363 gold pieces.
You spent 7133 gold pieces at shops.

Inventory:

Hand Weapons
 a - a +9 rapier of pain (weapon)
 t - a +3 vampiric quick blade
Missiles
 q - 1262 stones
Armour
 c - a +2 helmet (worn)
 l - a +2 cloak of stealth (worn)
 r - a +4 troll leather armour (worn)
 E - a +2 pair of boots of running (worn)
 H - the +0 troll leather armour of Benevolence {Regen+ Int+5}
   (You bought it in a shop on level 5 of the Dungeon)

   It affects your intelligence (+5).
   It increases your rate of regeneration.
 T - a +2 pair of gloves of dexterity (worn)
 Y - the +3 buckler of the Fifty Shrikes (worn) {Rampage rPois rC+}
   (You bought it in a shop on level 2 of the Orcish Mines)

   It protects you from cold.
   It protects you from poison.
   It bestows one free step when moving towards enemies.
Magical Staves
 b - an uncursed staff of death
 A - an uncursed staff of earth
Jewellery
 i - an uncursed ring of resist corrosion
 x - the ring "Myathem" (right hand) {AC+4 Str+4 Int+2 Stlth+}
   (You took it off a deep elf sorcerer on level 3 of the Elven Halls)

   [ring of protection]

   It affects your AC (+4).
   It affects your strength (+4).
   It affects your intelligence (+2).
   It makes you more stealthy.
 M - an uncursed amulet of reflection
 O - the ring of Cecsaar (left hand) {rElec rPois rC- Will+ MP+9 EV+4}
   (You took it off a deep elf mage on level 3 of the Elven Halls)

   [ring of evasion]

   It affects your evasion (+4).
   It makes you vulnerable to cold.
   It insulates you from electricity.
   It protects you from poison.
   It affects your willpower, your defense against some magical effects.
   It affects your magic capacity (+9).
 Q - the ring of Charity {rPois SInv}
   (You acquired it on level 3 of the Lair of Beasts)

   [ring of see invisible]

   It protects you from poison.
   It lets you see invisible.
 S - a cursed amulet of inaccuracy {unknown}
 W - the amulet "Ogifeudd" (around neck) {Faith *Drain rElec rF+++ Will+ Stlth+}
   (You bought it in a shop on level 2 of the Orcish Mines)

   [amulet of faith]

   It allows you to gain divine favour quickly.
   It renders you almost immune to fire.
   It insulates you from electricity.
   It affects your willpower, your defense against some magical effects.
   It causes draining when unequipped.
   It makes you more stealthy.
Wands
 d - a wand of flame (48)
 D - a wand of iceblast (31)
 F - a wand of acid (32)
 J - a wand of digging (10)
Scrolls
 e - 4 scrolls of fear
 j - 8 scrolls of blinking
 k - 27 scrolls of remove curse
 m - a scroll of holy word
 n - 15 scrolls of teleportation
 y - 11 scrolls of amnesia
 C - 2 scrolls of summoning
 G - a scroll of silence
 L - 2 scrolls of magic mapping
 N - 8 scrolls of fog
 R - 9 scrolls of identify
Potions
 g - 3 potions of invisibility
 h - 5 potions of might
 p - 14 potions of curing
 s - 7 potions of flight
 u - 6 potions of mutation
 w - 2 potions of heal wounds
 z - 2 potions of magic
 I - 2 potions of haste
 K - 4 potions of cancellation
 P - 5 potions of berserk rage
 U - 6 potions of ambrosia
 X - 7 potions of brilliance
Books
 f - a manual of Summonings
Miscellaneous
 o - a phial of floods
 v - a lightning rod (4/4)
 B - a condenser vane
 V - a phantom mirror
 Z - a box of beasts


   Skills:
 - Level 11.9 Fighting
 - Level 14.0 Short Blades
 - Level 6.2 Armour
 - Level 18.5 Dodging
 - Level 17.3 Stealth
 - Level 4.0 Shields
 + Level 20.4 Spellcasting
 - Level 9.9 Conjurations
 + Level 22.4 Necromancy
 - Level 2.0 Transmutations
 - Level 7.7 Ice Magic
 * Level 21.8 Earth Magic


You had one spell level left.
You knew the following spells:

 Your Spells              Type           Power        Failure   Level
a - Sandblast             Erth           100%         0%          1
b - Iron Shot             Conj/Erth      29%          1%          6
c - Borgnjor's Vile Clut  Necr/Erth      35%          0%          5
d - Lee's Rapid Deconstr  Erth           35%          0%          5
e - Animate Dead          Necr           35%          0%          4
f - Vampiric Draining     Necr           35%          0%          3
g - Petrify               Tmut/Erth      51%          0%          4
h - Agony                 Necr           71%          0%          5
i - Passwall              Tmut/Erth      42%          0%          2
j - Ozocubu's Armour      Ice            39%          1%          3
k - Blink                 Tloc           N/A          1%          2
l - Sublimation of Blood  Necr           35%          0%          2
m - Simulacrum            Ice/Necr       29%          1%          6
n - Dispel Undead         Necr           71%          0%          4
o - Apportation           Tloc           30%          1%          1
p - Shatter               Erth           35%          13%         9

Your spell library contained the following spells:

 Spells                   Type           Power        Failure   Level
 Animate Skeleton         Necr           100%         0%          1
 Freeze                   Ice            100%         0%          1
 Pain                     Necr           100%         0%          1
 Beastly Appendage        Tmut           42%          1%          1
 Corona                   Hex            16%          1%          1
 Foxfire                  Conj/Fire      100%         1%          1
 Shock                    Conj/Air       100%         1%          1
 Sting                    Tmut/Pois      72%          1%          1
 Summon Small Mammal      Summ           60%          1%          1
 Corpse Rot               Necr/Air       N/A          0%          2
 Searing Ray              Conj           92%          0%          2
 Stone Arrow              Conj/Erth      100%         0%          3
 Excruciating Wounds      Necr           35%          0%          5
 Death Channel            Necr           35%          0%          6
 Ensorcelled Hibernation  Hex/Ice        54%          1%          2
 Poisonous Vapours        Pois/Air       30%          1%          2
 Slow                     Hex            15%          1%          2
 Swiftness                Air            15%          1%          2
 Wereblood                Tmut           21%          1%          2
 Confusing Touch          Hex            15%          1%          3
 Conjure Flame            Conj/Fire      30%          1%          3
 Dazzling Flash           Conj/Hex       60%          1%          3
 Frozen Ramparts          Ice            78%          1%          3
 Gell's Gravitas          Tloc           7%           1%          3
 Ignite Poison            Fire/Tmut/Pois 17%          1%          3
 Inner Flame              Hex/Fire       15%          1%          3
 Lesser Beckoning         Tloc           7%           1%          3
 Mephitic Cloud           Conj/Pois/Air  25%          1%          3
 Portal Projectile        Hex/Tloc       30%          1%          3
 Spider Form              Tmut/Pois      9%           1%          3
 Static Discharge         Conj/Air       30%          1%          3
 Summon Guardian Golem    Hex/Summ       15%          1%          3
 Teleport Other           Tloc           15%          1%          3
 Fulminant Prism          Conj/Hex       15%          1%          4
 Hailstorm                Conj/Ice       42%          1%          4
 Ice Form                 Ice/Tmut       30%          1%          4
 Iskenderun's Mystic Bla  Conj/Tloc      30%          1%          4
 Leda's Liquefaction      Hex/Erth       24%          1%          4
 Sticky Flame             Conj/Fire      30%          1%          4
 Summon Ice Beast         Ice/Summ       27%          1%          4
 Bolt of Magma            Conj/Fire/Erth 23%          1%          5
 Irradiate                Conj/Tmut      16%          1%          5
 Statue Form              Tmut/Erth      34%          1%          6
 Borgnjor's Revivificati  Necr           35%          1%          8
 Infestation              Necr           35%          1%          8
 Fireball                 Conj/Fire      15%          2%          5
 Lightning Bolt           Conj/Air       15%          2%          5
 Metabolic Englaciation   Hex/Ice        13%          4%          5
 Ozocubu's Refrigeration  Ice            19%          5%          6
 Haunt                    Necr/Summ      24%          8%          7
 Airstrike                Air            7%           9%          4
 Cause Fear               Hex            7%           9%          4
 Olgreb's Toxic Radiance  Pois           15%          9%          4
 Passage of Golubria      Tloc           N/A          9%          4
 Lehudib's Crystal Spear  Conj/Erth      29%          9%          8
 Death's Door             Necr           35%          9%          9
 Blade Hands              Tmut           10%          12%         5
 Freezing Cloud           Conj/Ice/Air   16%          13%         6
 Alistair's Intoxication  Tmut/Pois      12%          19%         5
 Yara's Violent Unravell  Hex/Tmut       9%           19%         5
 Silence                  Hex/Air        7%           28%         5
 Summon Demon             Summ           7%           28%         5
 Summon Forest            Summ/Tloc      7%           28%         5
 Summon Mana Viper        Hex/Summ       15%          28%         5
 Necromutation            Tmut/Necr      26%          43%         8
 Hydra Form               Tmut           10%          61%         6
 Eringya's Noxious Bog    Tmut/Pois      9%           77%         6
 Spellforged Servitor     Conj/Summ      15%          78%         7
 Shadow Creatures         Summ           N/A          88%         6
 Dragon Form              Tmut           10%          99%         7
 Summon Hydra             Summ           7%           100%        7
 Chain Lightning          Conj/Air       15%          100%        8
 Ignition                 Fire           7%           100%        8
 Absolute Zero            Ice            19%          100%        9
 Dragon's Call            Summ           7%           100%        9
 Fire Storm               Conj/Fire      15%          100%        9
 Tornado                  Air            7%           100%        9


Dungeon Overview and Level Annotations

Branches:
Dungeon (15/15)            Temple (0/1) D:7            Lair (6/6) D:9
  Swamp (4/4) Lair:2       Spider (4/4) Lair:2        Slime (5/5) Lair:6
    Orc (2/2) D:11            Elf (3/3) Orc:2        Vaults (4/5) D:14
  Crypt (0/3) Vaults:2     Depths (5/5) D:15            Zot (2/5) Depths:5
  IceCv (visited)

Altars:
Dithmenos
Elyvilon
Fedhas
Gozag
Hepliaklqana
Kikubaaqudgha
Nemelex Xobeh
Okawaru
Ru
Sif Muna
Trog
Uskayaw
Xom
Beogh
Jiyva
Lugonu

Shops:
D:5 (**   D:6 *   D:11 (:   D:12 ?   Orc:2 **[*   Elf:1 *   Elf:2 (
Elf:3 ?}==   Vaults:2 [   Vaults:3 *   Vaults:4 :=   Depths:1 [   Depths:4 ?=*(
Depths:5 (!

Portals:
Hell: Depths:1 Depths:2 Depths:3 Depths:4 Depths:5
Abyss: Slime:1 Depths:4 Depths:5
Pandemonium: Depths:2 Depths:3
Ziggurat: Depths:3
Trove: Depths:3 (give 7 scrolls of blinking)

Annotations:
Lair:4 exclusion: oklob plant
Slime:5 Royal Jelly
Depths:3 Mennas
Depths:4 exclusion: upstairs


Innate Abilities, Weirdness & Mutations

You are dopey. (Int -2)
You occasionally shout uncontrollably at your foes.
Your spells are much easier to cast, but much less powerful.


Message History

The green draconian stormcaller mumbles some strange prayers to Qazlal against you.
Qazlal smites you!
* * * LOW HITPOINT WARNING * * *
The lindwurm breathes flames at you. The blast of flame misses you.
The yellow draconian throws acid at you.
The glob of acid hits you but does no damage.
The acid corrodes you!
You are splashed with acid!
* * * LOW HITPOINT WARNING * * *
You feel much better. The wind drake flaps its wings at you.
The air twists around and strikes you!
* * * LOW HITPOINT WARNING * * *
The yellow draconian annihilator points at you and mumbles some strange words.
The iron shot hits you!!
* * * LOW HITPOINT WARNING * * *
The green draconian stormcaller calls down the wrath of Qazlal upon you.
Qazlal smites you!
You die...
Kikubaaqudgha rasps: "You have failed me!
Welcome... death!"

,,,,,,**,,*#..#.........##,,*,,**
......##..*#..##............,,,,,
......##..*#..##..##..#.....,,,,,
......##..*#..##.?##..##..##***,,
......##..##..##..##...#..# *,,
......##..##..##..##......# *,,
......##..##..........##..# *,,
......##.†##..........##..*****,,
......#.........@.q......,,,,,,,,
..##..##..........d#.....,,,,,,,,
..##..#...........##...#**,,*,,**
..##..#......d..kk#d..###.,**,,**
..##..#......[.#...........,,,,,,
..##........dd##qq.........,,,,,,
..##........kq.....#.....#***,,,*
..##.......).dd#..#...[..##**,,,,
..##........<..k...........,,,,,,


You could see a yellow draconian (catching breath), 2 draconians, 2 draconians,
a green draconian shifter, 2 draconians, a yellow draconian annihilator, 2 wind
drakes and a lindwurm (summoned, catching breath).

Vanquished Creatures
  Mara (Swamp:3)
  Sojobo (Vaults:1)
  A Killer Klown (Zot:2)
  5 golden dragons
  Arachne (Spider:2)
  Jorgrun (D:15)
  3 tentacled monstrosities
  2 liches (Depths:3)
  2 deep elf master archers (Elf:3)
  A quicksilver dragon (Zot:1)
  2 deep elf blademasters (Elf:3)
  2 death cobs
  2 ancient champions (Vaults:1)
  Agnes (Spider:3)
  3 sphinxes
  Gastronok (Lair:1)
  20 acid blobs
  3 thorn hunters
  Roxanne (Swamp:4)
  2 storm dragons
  5 tengu reavers
  3 draconian monks
  3 shadow dragons
  5 fire giants
  21 azure jellies
  A draconian knight (Depths:5)
  A draconian scorcher (Zot:1)
  12 deep elf sorcerers
  3 vault wardens
  9 frost giants
  5 ghost moths
  An orc warlord (Elf:3)
  4 deep elf elementalists
  An iron dragon (Depths:4)
  2 draconian shifters
  A draconian stormcaller (Zot:1)
  5 emperor scorpions
  A spriggan defender (Vaults:1)
  A draconian annihilator (Zot:1)
  9 stone giants
  7 very ugly things
  2 green draconians (Zot:1)
  4 vampire knights
  Nessos (Lair:4)
  9 ironheart preservers
  6 deep elf demonologists
  3 black draconians
  6 yellow draconians
  11 deep elf annihilators
  7 spark wasps
  8 white draconians
  3 entropy weavers
  4 purple draconians
  3 red draconians
  4 bunyips
  The ghost of Barghyar the Fighter, a journeyman MiFi of Cheibriados (D:12)
  10 ettins
  A dire elephant (Lair:6)
  8 deep elf death magi
  2 merfolk javelineers
  A merfolk impaler (Depths:4)
  6 eleionomae
  A mummy priest (Depths:5)
  10 death oozes
  3 shambling mangroves
  8 yaktaur captains
  8 fire dragons
  2 deep elf high priests (Elf:3)
  8 great orbs of eyes
  4 rakshasas
  6 spriggan air magi
  8 ice dragons
  Erolcha (D:10)
  27 hydras
  2 vault guards (Vaults:3)
  A hydra (shapeshifter) (Depths:3)
  Fannar (D:12)
  2 catoblepae
  2 hell beasts
  Erica (Lair:1)
  7 boulder beetles
  2 death knights
  3 ghost crabs
  61 two-headed ogres
  4 centaur warriors
  A two-headed ogre (shapeshifter) (Depths:4)
  26 dancing weapons
  14 ogre magi
  11 alligators
  The ghost of puimuR the Severer, a novice HOMo of Makhleb (D:13)
  5 deep troll earth magi
  13 death yaks
  5 deep troll shamans
  7 tengu warriors
  2 orc high priests (Depths:5)
  4 vampire magi
  4 spriggan berserkers
  A queen ant (Spider:4)
  Sonja (Lair:5)
  A hell knight (Depths:3)
  22 deep elf knights
  2 soul eaters
  A sixfirhy (Depths:2)
  A salamander mystic (Depths:5)
  6 goliath frogs
  3 iron trolls
  2 shadow wraiths (Vaults:2)
  28 deep trolls
  2 flayed ghosts (Vaults:2)
  10 swamp dragons
  3 spriggan druids
  5 unseen horrors
  A torturous demonspawn (Depths:2)
  4 glowing orange brains
  8 bog bodies
  17 deep elf archers
  3 wizards
  3 phantasmal warriors
  4 necromancers
  A wolf spider (shapeshifter) (Vaults:4)
  21 orc knights
  10 ironbrand convokers
  38 ugly things
  65 deep elf magi
  12 wolf spiders
  11 orb spiders
  3 orc sorcerers
  12 cyclopes
  7 moths of wrath
  4 shining eyes
  5 will-o-the-wisps
  Maurice (D:9)
  3 salamanders (Depths:5)
  3 elephants (Lair:6)
  A guardian serpent (D:12)
  8 vault sentinels
  2 black mambas (shapeshifter)
  A rust devil (Depths:2)
  4 black mambas
  A gargoyle (D:13)
  3 ice statues (IceCv)
  A stone giant skeleton (Depths:1)
  15 cane toads
  3 eyes of devastation
  A storm dragon simulacrum (Vaults:2)
  2 kobold demonologists (Depths:5)
  6 centaur skeletons
  A torpor snail (shapeshifter) (Vaults:4)
  7 demonic crawlers
  A rime drake (shapeshifter) (Depths:3)
  A yaktaur (shapeshifter) (Depths:1)
  2 golden dragon simulacra
  4 freezing wraiths
  2 efreet (D:14)
  A redback zombie (D:15)
  6 komodo dragons
  7 ice devils (IceCv)
  A tengu conjurer (D:15)
  35 yaktaurs
  A bloated husk (Swamp:2)
  A jumping spider (shapeshifter) (Depths:1)
  34 jumping spiders
  17 trolls
  19 hornets
  6 tyrant leeches
  2 polar bears
  Grinder (D:3)
  16 blink frogs
  108 slime creatures
  A meliai zombie (D:13)
  A stone giant simulacrum (Vaults:3)
  An ice dragon zombie (Depths:1)
  12 spriggans
  3 air elementals
  2 shadows
  An elf skeleton (Depths:3)
  A vampire (D:11)
  53 redbacks
  11 water elementals
  3 wraiths
  7 fire elementals
  15 tarantellas
  Eustachio (D:5)
  A basilisk (shapeshifter) (Depths:2)
  50 yaks
  5 wyverns
  The ghost of Dracia the Chopper, an amateur DDFi (D:7)
  4 steam dragons
  A human (shapeshifter) (Depths:1)
  6 basilisks
  13 golden eyes
  Menkaure (D:5)
  20 vampire mosquitoes
  Edmund (D:5)
  A warg (shapeshifter) (Vaults:4)
  A hell hound (Depths:3)
  7 swamp worms
  4 wargs
  An acid dragon (D:13)
  A soldier ant (shapeshifter) (D:13)
  A floating eye (Depths:4)
  15 water moccasins
  10 soldier ants (Spider:4)
  51 orc warriors
  7 swamp drakes
  A tengu skeleton (Depths:1)
  4 ice beasts
  2 sky beasts
  6 eyes of draining
  10 wolves
  4 black bears
  An ogre (shapeshifter) (Elf:3)
  A phantom (D:7)
  14 boggarts
  45 ogres
  10 centaurs
  4 big kobolds
  A deep troll simulacrum (Vaults:1)
  21 bullfrogs
  4 earth elementals
  A glowing shapeshifter simulacrum (Vaults:1)
  A wyvern skeleton (D:10)
  3 scorpions
  10 killer bees
  10 wights
  6 electric eels
  11 howler monkeys
  A vampire bat (D:4)
  6 bullfrog zombies
  6 hounds
  A quasit (D:8)
  A draconian simulacrum (IceCv)
  5 jellies
  19 orc priests
  A jelly (shapeshifter) (Depths:4)
  A human simulacrum (Vaults:2)
  2 bullfrog skeletons
  6 iguanas
  19 worker ants
  31 orc wizards
  2 troll simulacra (IceCv)
  A centaur simulacrum (IceCv)
  A hound skeleton (D:4)
  A worker ant zombie (D:11)
  12 gnolls
  11 adders
  2 naga simulacra (IceCv)
  4 ogre simulacra (IceCv)
  3 shadow imps
  A white imp (D:7)
  5 ufetubi
  2 oozes
  2 adder zombies (D:8)
  An adder skeleton (D:8)
  A worm (D:4)
  6 dart slugs
  6 leopard geckos
  95 orcs
  A bat skeleton (D:4)
  6 bat zombies (D:4)
  5 giant cockroaches
  11 goblins
  13 hobgoblins
  9 jackals
  5 quokkas
  2 ball pythons
  13 bats
  5 frilled lizards
  2 jackal skeletons (D:5)
  A jackal zombie (D:5)
  20 kobolds
  2 quokka zombies
  4 rats
2003 creatures vanquished.

Vanquished Creatures (collateral kills)
  A tentacled monstrosity (Zot:1)
  Asterion (Spider:3)
  7 acid blobs
  A titan (Depths:2)
  A sphinx (Depths:3)
  Donald (Spider:1)
  4 fire giants
  An iron dragon (Depths:4)
  2 emperor scorpions (Spider:4)
  A frost giant (Depths:2)
  3 stone giants
  A very ugly thing (Vaults:2)
  An entropy weaver (Vaults:4)
  A red draconian (Depths:5)
  A deep elf death mage (Elf:3)
  2 ettins (Depths:2)
  A death ooze (Slime:3)
  2 ogre magi (Depths:2)
  3 great orbs of eyes
  A rakshasa (Depths:4)
  2 ice dragons
  4 hydras (Swamp:4)
  3 deep troll shamans
  A centaur warrior (Depths:2)
  A tengu warrior (Depths:2)
  7 two-headed ogres
  An alligator (Swamp:2)
  7 deep troll earth magi
  An orc high priest (Elf:3)
  2 spriggans
  A shadow wraith (Vaults:3)
  3 iron trolls
  A glowing orange brain (Depths:1)
  A swamp dragon (Swamp:4)
  2 wizards
  16 deep trolls
  A cyclops (Depths:2)
  3 ugly things
  7 orb spiders
  7 wolf spiders
  4 shining eyes
  A molten gargoyle (Depths:2)
  An eye of devastation (Slime:3)
  A cane toad (Lair:1)
  6 yaktaurs
  4 hornets
  6 jumping spiders
  A blink frog (Lair:6)
  13 slime creatures
  13 redbacks
  A water elemental (Depths:4)
  An air elemental (Elf:1)
  5 tarantellas
  A fire bat (shapeshifter) (Vaults:3)
  A yak (Depths:2)
  4 golden eyes
  3 swamp worms
  14 soldier ants (Spider:4)
  2 swamp drakes (Swamp:4)
  2 orc warriors (D:11)
  4 eyes of draining
  An ogre (Vaults:1)
  A tengu (shapeshifter) (Depths:3)
  2 centaurs (Depths:2)
  4 worker ants (Spider:4)
203 creatures vanquished.

Vanquished Creatures (others)
  A draconian scorcher (Zot:1)
  A goliath frog (Swamp:3)
  A wolf spider (Spider:4)
  A bloated husk (Swamp:2)
  A jumping spider (Spider:2)
  A hornet (Swamp:3)
  A water elemental (Elf:3)
  A golden eye (Slime:3)
  A jackal (D:11)
  3 briar patches (Swamp:4)
  23 foxfires
  69 fungi
  2 lurking horrors (Slime:1)
  134 plants
240 creatures vanquished.

Grand Total: 2446 creatures vanquished

Notes
Turn   | Place    | Note
-------+----------+-------------------------------------------
     0 | D:1      | raph the Deep Elf Earth Elementalist began the quest for
                  | the Orb.
     0 | D:1      | Reached XP level 1. HP: 10/10 MP: 6/6
    65 | D:1      | Reached XP level 2. HP: 15/15 MP: 2/8
   768 | D:2      | Found a faded altar of an unknown god.
   813 | D:2      | Reached XP level 3. HP: 19/19 MP: 7/9
   813 | D:2      | You fall into a shaft and drop 1 floor!
   906 | D:3      | Reached XP level 4. HP: 24/24 MP: 4/11
   909 | D:3      | Learned a level 2 spell: Passwall
   913 | D:3      | Learned a level 3 spell: Stone Arrow
  1398 | D:3      | Reached skill level 1 in Conjurations
  1571 | D:3      | Noticed Grinder
  1575 | D:3      | Paralysed by Grinder for 2 turns
  1581 | D:3      | Killed Grinder
  1582 | D:3      | Reached skill level 5 in Earth Magic
  1582 | D:3      | Reached XP level 5. HP: 23/28 MP: 6/13
  1582 | D:3      | Reached XP level 6. HP: 26/32 MP: 6/14
  1655 | D:3      | Noticed a water moccasin
  1660 | D:3      | Killed a water moccasin
  2277 | D:2      | Learned a level 5 spell: Lee's Rapid Deconstruction
  3170 | D:3      | Reached XP level 7. HP: 28/36 MP: 3/16
  3754 | D:4      | Found a hide-covered altar of Uskayaw.
  3758 | D:4      | Found a white marble altar of Elyvilon.
  3966 | D:4      | Found an ancient bone altar of Kikubaaqudgha.
  3971 | D:4      | Reached skill level 1 in Shields
  4012 | D:4      | Became a worshipper of Kikubaaqudgha
  4143 | D:4      | Learned a level 1 spell: Animate Skeleton
  4296 | D:4      | Found a shadowy altar of Dithmenos.
  4530 | D:5      | Entered Level 5 of the Dungeon
  4530 | D:5      | Found Tuol's General Store.
  4563 | D:5      | Bought a scroll of teleportation for 33 gold pieces
  4599 | D:5      | Found Dong's Assorted Antiques.
  4949 | D:5      | Noticed Eustachio
  4955 | D:5      | Killed Eustachio
  5182 | D:5      | Found Abrur's Weapon Emporium.
  5435 | D:5      | Bought an embroidered cloak for 180 gold pieces
  5435 | D:5      | Bought a scroll of identify for 48 gold pieces
  5435 | D:5      | Bought a scroll labelled MEHENO YLYEFUH for 24 gold pieces
  5435 | D:5      | Bought a scroll labelled SAIRRAAV CI ZOOT for 24 gold
                  | pieces
  5541 | D:5      | Reached * piety under Kikubaaqudgha
  5541 | D:5      | Identified Kikubaaqudgha's Incunabulum of Evil Arts
                  | (Kikubaaqudgha gifted it to you on level 5 of the Dungeon)
  5541 | D:5      | Received a gift from Kikubaaqudgha
  5547 | D:5      | Learned a level 3 spell: Vampiric Draining
  5629 | D:5      | Noticed Edmund
  5644 | D:5      | Killed Edmund
  5645 | D:5      | Reached XP level 8. HP: 36/41 MP: 0/17
  5786 | D:5      | Noticed Menkaure
  5792 | D:5      | Killed Menkaure
  6307 | D:6      | Found a sparkling altar of Nemelex Xobeh.
  6483 | D:6      | Found Qizute's Assorted Antiques.
  6563 | D:6      | Reached skill level 1 in Necromancy
  6929 | D:7      | Found a runed translucent gate.
  6929 | D:7      | Found a runed translucent gate.
  6929 | D:7      | Found an opulent altar of Gozag.
  6929 | D:7      | Found a runed translucent gate.
  6929 | D:7      | Noticed Dracia's ghost (amateur DDFi)
  6929 | D:7      | Noticed a boulder beetle
  7009 | D:7      | Reached skill level 2 in Necromancy
  7072 | D:7      | Found a flagged portal.
  7222 | D:7      | Found a hazy altar of Hepliaklqana.
  7246 | D:7      | Found a shimmering altar of Xom.
  7374 | D:7      | Reached XP level 9. HP: 40/45 MP: 6/18
  7946 | D:7      | Reached skill level 3 in Necromancy
  7976 | D:7      | Found an opulent altar of Gozag.
  7984 | D:7      | Found a staircase to the Ecumenical Temple.
  7993 | D:7      | Reached skill level 10 in Earth Magic
  8210 | D:6      | Bought a crude glass ring for 110 gold pieces
  8210 | D:6      | Bought a scroll labelled DOIMOA CIDER for 22 gold pieces
  8335 | D:6      | Identified the ring "Punlod" {Wiz rPois rN++ Int+4 Slay-3}
                  | (You bought it in a shop on level 6 of the Dungeon)
  8380 | D:8      | Reached skill level 5 in Spellcasting
  8655 | D:8      | Reached skill level 1 in Fighting
  8974 | D:8      | Reached ** piety under Kikubaaqudgha
  8975 | D:8      | Reached skill level 4 in Necromancy
  9423 | D:7      | Reached skill level 5 in Dodging
  9804 | D:8      | Identified the +2 trident "Ypnix Utow" {drain, rElec rN+++
                  | Int-2}
 10098 | D:8      | Noticed a troll
 10130 | D:8      | Killed a troll
 10293 | D:8      | Learned a level 4 spell: Petrify
 10310 | D:8      | Reached XP level 10. HP: 53/53 MP: 10/21
 10521 | D:8      | Reached skill level 5 in Necromancy
 10701 | D:8      | Noticed a tengu warrior
 10707 | D:8      | Killed a tengu warrior
 11144 | D:8      | Identified the Almanac of the Dusty Oath
 11255 | D:8      | Found an iron altar of Okawaru.
 11487 | D:9      | Identified a scroll of acquirement
 11487 | D:9      | Acquired 791 gold pieces
 11579 | D:5      | Bought a +0 club for 11 gold pieces
 11579 | D:5      | Bought a +1 pair of boots of running for 401 gold pieces
 11718 | D:9      | Reached *** piety under Kikubaaqudgha
 11718 | D:9      | Identified Kikubaaqudgha's Grimoire of Black Rites
                  | (Kikubaaqudgha gifted it to you on level 9 of the Dungeon)
 11718 | D:9      | Received a gift from Kikubaaqudgha
 11723 | D:9      | Found a staircase to the Lair.
 12101 | D:9      | Reached skill level 6 in Necromancy
 12218 | D:9      | Noticed Maurice
 12225 | D:9      | Killed Maurice
 12600 | D:5      | Bought a bloodstained troll leather armour for 480 gold
                  | pieces
 12610 | D:5      | Identified the +0 troll leather armour of Benevolence
                  | {Regen+ Int+5} (You bought it in a shop on level 5 of the
                  | Dungeon)
 12689 | D:10     | Entered Level 10 of the Dungeon
 13183 | Lair:1   | Entered Level 1 of the Lair of Beasts
 13209 | Lair:1   | Noticed a cane toad
 13373 | Lair:1   | Learned a level 5 spell: Agony
 13398 | Lair:1   | Noticed a cane toad
 13398 | Lair:1   | Noticed a cane toad
 13399 | Lair:1   | Killed a cane toad
 13403 | Lair:1   | Noticed a cane toad
 13408 | Lair:1   | Killed a cane toad
 13423 | Lair:1   | Killed a cane toad
 13424 | Lair:1   | Reached XP level 11. HP: 60/60 MP: 2/26
 13566 | Lair:1   | Reached skill level 7 in Necromancy
 14078 | Lair:1   | Noticed Gastronok
 14547 | Lair:1   | Killed Gastronok
 14548 | Lair:1   | Reached skill level 10 in Spellcasting
 14673 | Lair:1   | Noticed Erica
 14685 | Lair:1   | Killed Erica
 14973 | Lair:1   | Learned a level 6 spell: Iron Shot
 15004 | Lair:2   | Reached skill level 8 in Necromancy
 15152 | Lair:2   | Reached skill level 5 in Fighting
 15322 | Lair:2   | Found a hole to the Spider Nest.
 15556 | Lair:2   | Reached skill level 5 in Conjurations
 15736 | Lair:2   | Found a staircase to the Swamp.
 16121 | Lair:2   | Reached XP level 12. HP: 68/68 MP: 18/29
 16375 | Lair:2   | Reached **** piety under Kikubaaqudgha
 16445 | Lair:3   | Reached skill level 9 in Necromancy
 16711 | Lair:3   | Reached skill level 1 in Armour
 16990 | Lair:3   | Noticed a four-headed hydra
 17159 | Lair:3   | Killed a four-headed hydra
 17277 | Lair:3   | Acquired the ring of Charity {rPois SInv}
 17281 | Lair:3   | Acquired an uncursed staff of death
 17954 | Lair:4   | Found a frozen archway.
 18050 | Lair:4   | Noticed a six-headed hydra
 18054 | Lair:4   | Killed a six-headed hydra
 18136 | IceCv    | Entered an ice cave
 18423 | IceCv    | Learned a level 3 spell: Ozocubu's Armour
 19649 | Lair:4   | Reached skill level 10 in Necromancy
 19820 | Lair:4   | Noticed Nessos
 19898 | Lair:4   | Found a blossoming altar of Fedhas.
 20160 | Lair:4   | Killed Nessos
 20791 | Lair:5   | Noticed a catoblepas
 20796 | Lair:5   | Killed a catoblepas
 20797 | Lair:5   | Reached XP level 13. HP: 74/74 MP: 11/30
 21322 | Lair:5   | Reached skill level 1 in Short Blades
 21699 | Lair:5   | Noticed Sonja
 22038 | Lair:5   | Killed Sonja
 22865 | D:10     | Reached ***** piety under Kikubaaqudgha
 23305 | D:10     | Noticed Erolcha
 23320 | D:10     | Killed Erolcha
 24317 | D:11     | Identified the +9 flail "Uniesieg" {vorpal, +Fly rF+ Str+3
                  | Int-4 SInv}
 25230 | D:11     | Found Tesolol's Weapon Shoppe.
 25231 | D:11     | Found a staircase to the Orcish Mines.
 25233 | D:11     | Found Kafu's Armour Shoppe.
 25540 | D:11     | Reached skill level 5 in Stealth
 26083 | D:11     | Found a roughly hewn altar of Beogh.
 26106 | D:11     | Found Wahun's Book Boutique.
 26308 | Orc:1    | Entered Level 1 of the Orcish Mines
 26309 | Orc:1    | Found a roughly hewn altar of Beogh.
 26738 | Orc:2    | Entered Level 2 of the Orcish Mines
 26868 | Orc:2    | Reached ****** piety under Kikubaaqudgha
 26895 | Orc:1    | Identified a +6 rapier of pain (a +4 rapier bloodied by
                  | Kikubaaqudgha)
 26895 | Orc:1    | Received a gift from Kikubaaqudgha
 27429 | Orc:1    | Reached skill level 11 in Necromancy
 27588 | Orc:1    | Reached skill level 5 in Short Blades
 28227 | Orc:1    | Reached XP level 14. HP: 35/80 MP: 20/31
 29352 | Orc:2    | Learned a level 4 spell: Animate Dead
 29720 | Orc:2    | Reached skill level 12 in Necromancy
 30063 | Orc:2    | Found Zuerufo's General Store.
 30069 | Orc:2    | Found Zalin's Assorted Antiques.
 30070 | Orc:2    | Found Tuf Osuw's General Store.
 30074 | Orc:2    | Bought 2 potions of magic for 160 gold pieces
 30074 | Orc:2    | Bought a scroll of enchant armour for 75 gold pieces
 30080 | Orc:2    | Bought a silvery potion for 19 gold pieces
 30084 | Orc:2    | Found Diodu's Antique Armour Emporium.
 30092 | Orc:2    | Found a staircase to the Elven Halls.
 30094 | Orc:2    | Bought a bloodstained buckler for 190 gold pieces
 30104 | Orc:2    | Identified the +3 buckler of the Fifty Shrikes {Rampage
                  | rPois rC+} (You bought it in a shop on level 2 of the
                  | Orcish Mines)
 30411 | Orc:2    | Found a roughly hewn altar of Beogh.
 30956 | Orc:2    | Bought the amulet "Ogifeudd" {Faith *Drain rElec rF+++
                  | Will+ Stlth+} for 918 gold pieces
 31044 | D:12     | Found Zocixte's Magic Scroll Boutique.
 31067 | D:12     | Bought a scroll of enchant weapon for 75 gold pieces
 31074 | D:12     | Found a bloodstained altar of Trog.
 31080 | D:12     | Found a transporter.
 31080 | D:12     | Identified the +11 spear of Wyrd {antimagic, Str+5 Int+2}
 31081 | D:12     | Noticed Barghyar's ghost (journeyman MiFi)
 31101 | D:12     | Found a transporter.
 31126 | D:12     | Noticed Fannar
 31134 | D:12     | Killed Fannar
 33163 | D:13     | Reached skill level 10 in Short Blades
 33305 | D:13     | Acquired 1191 gold pieces
 33861 | D:13     | Noticed puimuR's ghost (novice HOMo)
 33924 | D:13     | Found a runed translucent door.
 33989 | D:13     | Reached skill level 13 in Necromancy
 35216 | D:14     | Found a gate to the Vaults.
 35437 | D:14     | Reached XP level 15. HP: 84/84 MP: 7/33
 35719 | D:15     | Entered Level 15 of the Dungeon
 35866 | D:11     | Bought a book of Spatial Translocations for 975 gold pieces
 35869 | D:11     | Learned a level 2 spell: Blink
 36779 | D:15     | Noticed Jorgrun
 36790 | D:15     | Killed Jorgrun
 37053 | D:15     | Found a staircase to the Depths.
 38768 | D:7      | Killed Dracia's ghost
 39152 | Lair:6   | Entered Level 6 of the Lair of Beasts
 39640 | D:6      | Bought a scroll of blinking for 165 gold pieces
 39785 | Orc:2    | Bought a scroll of blinking for 105 gold pieces
 39791 | Orc:2    | Bought a scroll of blinking for 165 gold pieces
 40461 | Lair:6   | Found a viscous altar of Jiyva.
 40461 | Lair:6   | Found a staircase to the Slime Pits.
 40487 | Lair:6   | Found a sacrificial altar of Ru.
 40511 | Lair:6   | Reached skill level 14 in Necromancy
 40789 | Lair:6   | Got a flickering lead ring
 40825 | Lair:6   | Identified the ring "Lome" {MP+9 Dex+4} (You found it on
                  | level 6 of the Lair of Beasts)
 43977 | Swamp:1  | Entered Level 1 of the Swamp
 44105 | Lair:2   | Reached XP level 16. HP: 90/90 MP: 22/35
 44739 | Swamp:1  | Found a shadowy altar of Dithmenos.
 45029 | Swamp:1  | Learned a level 2 spell: Sublimation of Blood
 46721 | Swamp:3  | Noticed Mara
 46727 | Swamp:2  | HP: 3/90 [eleionoma/spray of wooden splinters (36)]
 46928 | Swamp:3  | Noticed raph's illusion
 46941 | Swamp:3  | Killed Mara
 47074 | Swamp:3  | Reached skill level 15 in Necromancy
 48242 | Swamp:3  | Reached skill level 15 in Earth Magic
 48778 | Swamp:3  | Reached skill level 15 in Spellcasting
 49070 | Swamp:3  | Noticed a thorn hunter
 49091 | Swamp:3  | Killed a thorn hunter
 49796 | Swamp:4  | Entered Level 4 of the Swamp
 49893 | Swamp:4  | Noticed a thorn hunter
 50150 | Swamp:3  | Reached XP level 17. HP: 82/94 MP: 38/38
 50620 | Swamp:4  | Reached skill level 10 in Dodging
 51331 | Swamp:4  | Reached skill level 16 in Necromancy
 51605 | Swamp:4  | Noticed Roxanne
 51611 | Swamp:4  | Killed Roxanne
 51841 | Swamp:4  | Learned a level 6 spell: Simulacrum
 52051 | Swamp:4  | Reached skill level 1 in Ice Magic
 52217 | Swamp:4  | Got a decaying rune of Zot
 52753 | Spider:1 | Entered Level 1 of the Spider Nest
 53342 | Spider:1 | Noticed Donald
 53382 | Spider:1 | Killed Donald
 55739 | Spider:2 | Noticed Arachne
 55980 | Spider:2 | Killed Arachne
 56987 | Spider:2 | Reached skill level 5 in Ice Magic
 58251 | Spider:3 | Noticed Asterion
 58263 | Spider:3 | Killed Asterion
 58264 | Spider:3 | Reached XP level 18. HP: 44/101 MP: 14/40
 59202 | D:12     | Killed Barghyar's ghost
 59605 | D:12     | Got a heavily runed copper ring
 59608 | D:12     | Identified the ring "Rilliti" {*Tele Will+ Str+4 Dex-3}
                  | (You found it on level 12 of the Dungeon)
 59762 | Vaults:1 | Entered Level 1 of the Vaults
 59765 | Vaults:1 | Reached skill level 5 in Armour
 61591 | Vaults:1 | Noticed Sojobo
 61717 | Vaults:1 | Killed Sojobo
 63607 | Vaults:2 | Found Ceodeom's Antique Armour Shoppe.
 63682 | Vaults:2 | Reached skill level 17 in Necromancy
 64269 | Vaults:1 | Learned a level 4 spell: Dispel Undead
 64413 | Vaults:2 | Found a staircase to the Crypt.
 64714 | Vaults:2 | Reached XP level 19. HP: 80/108 MP: 39/41
 66544 | Vaults:3 | Found Raih's General Store.
 66555 | Vaults:3 | Bought a potion of heal wounds for 60 gold pieces
 69558 | Vaults:4 | Reached skill level 18 in Necromancy
 70154 | Vaults:4 | Found Ynaaniv's Jewellery Emporium.
 70553 | Vaults:4 | Reached skill level 10 in Stealth
 70553 | Vaults:4 | Reached XP level 20. HP: 112/116 MP: 17/42
 71154 | Vaults:4 | Found Sibrio Awihi's Book Boutique.
 71595 | Elf:1    | Entered Level 1 of the Elven Halls
 71961 | Elf:1    | Reached skill level 10 in Fighting
 72933 | Elf:1    | Identified the +6 great sword of Meager Valiance {freeze,
                  | Will+ Stlth+}
 73089 | Elf:1    | Found Xisk's General Store.
 73452 | Vaults:4 | Bought a book of Dreams for 1800 gold pieces
 73459 | Vaults:4 | Learned a level 5 spell: Borgnjor's Vile Clutch
 75038 | Elf:2    | Found a runed translucent gate.
 75038 | Elf:2    | Found a runed translucent gate.
 75040 | Elf:2    | Found a runed translucent gate.
 75187 | Elf:2    | Found Quhuwn's Weapon Emporium.
 76624 | Elf:3    | Entered Level 3 of the Elven Halls
 76704 | Elf:3    | Found Cuapnes's Jewellery Boutique.
 76706 | Elf:3    | Found Vuluet's Gadget Emporium.
 76707 | Elf:3    | Found Welolol's Jewellery Boutique.
 77537 | Elf:3    | Found Goegeeho's Magic Scroll Emporium.
 77857 | Elf:3    | Identified the ring "Myathem" {AC+4 Str+4 Int+2 Stlth+}
 77879 | Elf:3    | Reached skill level 19 in Necromancy
 77972 | Elf:3    | Reached XP level 21. HP: 124/124 MP: 19/43
 78110 | Elf:3    | Reached skill level 15 in Dodging
 78129 | Elf:3    | Identified the +2 long sword "Hydrabane" {vorpal, +Blink
                  | rElec Str+2 Int+4}
 78303 | Elf:3    | Identified the +4 short sword of Valiance {freeze, rElec
                  | rC+}
 78505 | Elf:3    | Identified the +5 dagger of Prudence {vorpal, rPois Will++
                  | Str+2}
 78570 | Elf:3    | Identified the +9 great mace of Evisceration {venom, rElec
                  | rN+++ Str+3 Stlth-}
 78570 | Elf:3    | Identified the amulet of the Mackerel {Acrobat rPois Str-4
                  | Int+4}
 78945 | Elf:3    | Identified the ring of Cecsaar {rElec rPois rC- Will+ MP+9
                  | EV+4}
 79557 | Elf:3    | Identified the cursed -3 pair of gloves "Ciehykem" {Int+3}
                  | (You found it on level 3 of the Elven Halls)
 79643 | Elf:3    | Identified the Compendium of the Flamy Compass
 80441 | Elf:3    | Found a roughly hewn altar of Beogh.
 80500 | Elf:3    | Bought a scroll of blinking for 127 gold pieces
 80778 | Spider:4 | Entered Level 4 of the Spider Nest
 80821 | Spider:4 | Noticed Agnes
 80829 | Spider:3 | Killed Agnes
 82386 | Spider:4 | Learned a level 1 spell: Apportation
 83097 | Spider:4 | Got a gossamer rune of Zot
 83727 | D:13     | Killed puimuR's ghost
 83818 | Depths:1 | Entered Level 1 of the Depths
 84953 | Depths:1 | Found a shimmering altar of Xom.
 85028 | Depths:1 | Found a gateway to Hell.
 85113 | Depths:1 | Found Quzxogac's Antique Armour Shop.
 85596 | Depths:1 | Reached XP level 22. HP: 132/132 MP: 42/44
 86767 | Depths:2 | Reached skill level 20 in Necromancy
 87535 | Depths:2 | You fall into a shaft and drop 1 floor!
 87848 | Depths:3 | Noticed a golden dragon
 87864 | Depths:3 | Killed a golden dragon
 88489 | Depths:2 | Reached skill level 15 in Stealth
 89729 | Depths:2 | Found a one-way gate leading to the halls of Pandemonium.
 89824 | Depths:3 | Found a gateway to a ziggurat.
 90278 | Depths:3 | Noticed Mennas
 90643 | Depths:3 | Found the +3 giant club "Skullcrusher" {speed, Str+7}
 90644 | Depths:3 | Identified the Compendium of Bewitching Attacks
 90749 | Depths:3 | Noticed a golden dragon
 90760 | Depths:3 | Killed a golden dragon
 91100 | Depths:3 | Found a portal to a secret trove of treasure.
 91413 | Depths:3 | Identified the +5 hunting sling of Doconuet {flame, +Blink
                  | rN+ Str-5 Dex+5}
 92312 | Depths:4 | Reached XP level 23. HP: 38/136 MP: 32/46
 92452 | Depths:4 | Found Haytowom's General Store.
 92951 | Depths:4 | Bought 2 potions of haste for 240 gold pieces
 93100 | Depths:4 | Found Zymoupli's Antique Weapon Shoppe.
 93153 | Depths:4 | Found Xuewus's Magic Scroll Shoppe.
 93279 | Depths:4 | Bought a scroll of blinking for 157 gold pieces
 93279 | Depths:4 | Bought a scroll of blinking for 157 gold pieces
 93719 | Depths:4 | Found Laall's Jewellery Emporium.
 93740 | Depths:4 | Found a one-way gate to the infinite horrors of the Abyss.
 94800 | Depths:4 | Reached skill level 21 in Necromancy
 95001 | Depths:4 | Identified Menahuff's Tome of Transmigration
 95108 | Depths:5 | Entered Level 5 of the Depths
 97641 | Depths:5 | Found a gate to the Realm of Zot.
 97894 | Depths:5 | Found a shimmering blue altar of Sif Muna.
 97895 | Depths:5 | Identified the amulet "Juoluick" {RegenMP rPois Will+}
 98459 | Depths:5 | Found Buikaffu's Antique Weapon Shop.
 98464 | Depths:5 | Found Fulucakh's Distillery.
 98474 | Depths:5 | Bought a potion of might for 104 gold pieces
 98474 | Depths:5 | Bought a potion of cancellation for 208 gold pieces
 99096 | Slime:1  | Entered Level 1 of the Pits of Slime
100866 | Slime:1  | Found a corrupted altar of Lugonu.
101156 | Slime:2  | Gained mutation: Your spells are a little easier to cast,
                  | but a little less powerful. [a shining eye]
101157 | Slime:2  | Gained mutation: Your spells are easier to cast, but less
                  | powerful. [a shining eye]
101160 | Slime:2  | Gained mutation: Your spells are much easier to cast, but
                  | much less powerful. [a shining eye]
101338 | Slime:1  | Reached XP level 24. HP: 108/142 MP: 4/48
101488 | Slime:1  | Learned a level 8 spell: Infestation
101761 | Slime:3  | Gained mutation: You are dopey. (Int -2) [a shining eye]
104007 | Slime:5  | Entered Level 5 of the Pits of Slime
104614 | Slime:5  | Gained mutation: You occasionally shout uncontrollably at
                  | your foes. [a shining eye]
104659 | Slime:5  | Noticed the Royal Jelly
104677 | Slime:5  | Found a viscous altar of Jiyva.
106457 | Slime:5  | Reached skill level 22 in Necromancy
107803 | Slime:4  | Learned a level 9 spell: Shatter
108035 | Slime:5  | Identified the Catalogue of Dusty Battle Magic
108069 | Slime:5  | Got a slimy rune of Zot
109410 | Zot:1    | Entered Level 1 of the Realm of Zot
109572 | D:12     | Bought a scroll of magic mapping for 35 gold pieces
109572 | D:12     | Bought a scroll of magic mapping for 35 gold pieces
109572 | D:12     | Bought a scroll of teleportation for 30 gold pieces
110872 | Zot:1    | You fall into a shaft and drop 1 floor!
111614 | Zot:2    | Noticed a Killer Klown
111619 | Zot:2    | Killed a Killer Klown
111724 | Zot:2    | Identified the Almanac of the Excruciating Glacier
111908 | Zot:2    | HP: 6/142 [yellow draconian annihilator/iron shot (23)]
111908 | Zot:2    | Killed from afar by a green draconian stormcaller

Illustrated notes

Levels and vault maps discovered:
D:1:      ncdulo_lavacross, layout_rooms
D:2:      layout_basic, chequers_ecumenical_altar_simple
D:3:      layout_basic, roderic_batcave, uniq_grinder
D:4:      layout_basic, grunt_dithmenos_shadows, kennysheep_vampire_church,
          nicolae_overflow_hidden_temple
D:5:      minmay_spotlight, layout_basic, serial_shops, shop, shop,
          nicolae_shop_overgrown_old_shop, uniq_eustachio, uniq_edmund,
          uniq_menkaure
D:6:      layout_cave_pools, nemelex_xobeh_ov_fountains_minmay, serial_shops,
          shop
D:7:      layout_basic, nzn_hepliaklqana_mist_gate, grunt_gozag_statues,
          minmay_temple_entry_glass, basic_altar, enter_bailey_5,
          ebering_ghost_gozag
D:8:      minmay_chambers_of_sevens, layout_basic, overflow_temple_1_default
D:9:      layout_loops_ring, david_lair_shrubbed, uniq_maurice
D:10:     layout_irregular_city, uniq_erolcha
D:11:     layout_cave_pools, orc_david_3, gauntlet_entry_generic, special_room
          [special_room_orc], serial_shops, shop, grunt_ogre_cave,
          grunt_decor_fettered
D:12:     layout_roguey, serial_shops, shop_coins,
          gammafunk_ghost_wrathful_warriors, nrook_guardian_serpent_ordinary,
          uniq_fannar
D:13:     layout_loops_cross, hellmonk_ghost_happy_afterlife, eino_tiny_chamber
D:14:     layout_irregular_city, david_vaults_1, fountainhead
D:15:     hangedman_depths_entry_civil_slaughter, layout_long_grid,
          minmay_crystal_water, serial_co_window_serial,
          co_window_of_opportunity_a, co_window_paths_a,
          co_window_of_opportunity_a, co_window_paths_a, co_window_corner_a,
          co_window_paths_b, co_window_of_opportunity_a, co_window_broadway_b,
          co_window_corner_b, co_window_corner_ca, co_window_2corner,
          co_window_2corner, co_window_paths_c, co_window_2corner,
          glass_columns_a, glass_columns_b, uniq_jorgrun
Lair:1:   layout_long_grid, grunt_megastairs_1, uniq_gastronok, uniq_erica
Lair:2:   layout_chaotic_city, swamp_mist_pool, spider_nest_entry_funnel_web,
          lemuel_fruit_fields, lemuel_fruit_fields
Lair:3:   layout_chaotic_city
Lair:4:   layout_roguey, portal_ice_cave_entry_pillars_1, tgw_fedhas,
          lemuel_fruit_tree, uniq_nessos
Lair:5:   layout_layer_cave, uniq_sonja
Lair:6:   grunt_lair_end_beastmaster, layout_layer_cave, slime_altar_1,
          basic_altar, serial_bayou_shore_a
Swamp:1:  layout_basic_swamp, nicolae_swamp_godswood, swamp_pool2
Swamp:2:  layout_basic_swamp, infiniplex_staircase_pool_2
Swamp:3:  nzn_winding_woodlands_cross [nzn_winding_woodlands_5x15_lazy_stream,
          nzn_winding_woodlands_5x15_twine, nzn_winding_woodlands_5x15_jagged,
          nzn_winding_woodlands_5x15_pool,
          nzn_winding_woodlands_15x15_boxy_spiral], layout_basic_swamp,
          evilmike_swamp_ruin_wall, swamp_pool2, uniq_mara
Swamp:4:  swamp, layout_basic_swamp, uniq_roxanne
Spider:1: layout_spider_delve, uniq_donald
Spider:2: layout_spider_delve, uniq_arachne
Spider:3: layout_spider_delve, nicolae_orb_stairs, uniq_asterion
Spider:4: grunt_spider_rune_circles, minivault_29, uniq_agnes
Slime:1:  layout_caves, amcnicky_altar_lugonu_corruption
Slime:2:  layout_caves
Slime:3:  layout_caves
Slime:4:  layout_caves, nicolae_slime_phagocytosis
Slime:5
Orc:1:    layout_caves, basic_altar
Orc:2:    st_orc_open, layout_caves, minmay_orc_temple_b
Elf:1:    minmay_elf_arrival_summoners, layout_loops_cross, serial_shops,
          nicolae_shop_trees, minmay_elf_crystal_heptagon
Elf:2:    layout_loops_ring, serial_shops, nicolae_shop_stone
Elf:3:    grunt_elf_hall_asides, layout_geoelf_octagon, special_room
          [special_room_orc], serial_shops, nicolae_shop_statue_plus, drop_trap,
          minmay_shop_grove
Vaults:1: v_misc_8, sword_in_stone, nicolae_vaults_little_squares_4,
          grunt_vaults_focal, v_misc_24, vaults_room_semicircle,
          vaults_room_door_ring, nicolae_vaults_yaktaur_gun_rack,
          layout_vaults_big_room
Vaults:2: hangedman_vaults_impose, minmay_crypt_entry_simple_statues, v_misc_11,
          st_eye, grunt_vaults_hallway_short, grunt_vaults_funnel,
          vaults_room_corners, nicolae_vaults_network_barrier,
          layout_vaults_maze_snakey, serial_shops, nicolae_shop_behind_doors
Vaults:3: v_misc_1, grunt_vaults_bifocal, hangedman_vaults_stretched_pinwheel,
          nicolae_vaults_rhombus_6, nicolae_vaults_little_squares_5, v_misc_13,
          v_misc_30, grunt_vaults_swirl, nicolae_vaults_little_squares_1,
          layout_vaults_omnigrid, serial_shops, shop
Vaults:4: vaults_room_corners, nicolae_vaults_stairing_the_circle,
          grunt_vaults_twisty, v_alt_pattern_1, vaults_dpeg_hooks, v_rooms_4,
          hangedman_vaults_pinch, ontoclasm_vaults_bender,
          nicolae_vaults_diagonal_hallway_7, ontoclasm_vaults_fault, v_misc_26,
          layout_vaults_omnicross, serial_shops, shop_statue, shop
Depths:1: layout_honeycomb, hell_entry, minmay_misc_feat_four_crosses,
          serial_shops, shop_coins, minmay_misc_feat_columns,
          serial_bayou_lagoon_a, serial_sigils_hangedman_writhe,
          xom_teletrap_fun
Depths:2: lemuel_castle_with_subvaults [lemuel_castle_interior_carwin_2],
          layout_cave_pools, rand_demon_pan_entry_4,
          hangedman_decor_peaks_small, hell_entry, kennysheep_dice
Depths:3: minmay_the_grid_four_pointed_star
          [minmay_the_grid_triangle_9x9_dagger,
          minmay_the_grid_triangle_9x9_skeleton,
          minmay_the_grid_triangle_9x9_flanged_cone,
          minmay_the_grid_triangle_9x9_corruption,
          minmay_the_grid_prize_four_corners_diamond_b], layout_gridlike,
          enter_ziggurat_c, grunt_mini_vestibule, serial_rivers,
          chequers_serial_rivers_micro_e, chequers_serial_rivers_large_a,
          chequers_serial_rivers_large_b, chequers_serial_rivers_marsh,
          chequers_serial_rivers_room_a, ebering_dispersal_statue_hall,
          pan_entry, enter_trove_1, uniq_mennas, uniq_sojobo
Depths:4: evilmike_diamond_1, layout_cave_pools, serial_shops, shop, shop, shop,
          kennysheep_mini_moat, infiniplex_enter_wizlab_glasses,
          pf_hell_entry_tar_spiral, abyss_entry_glasseish, drop_trap,
          chequers_serial_rivers_small_3
Depths:5: grunt_zot_entry_alcove, layout_cave_pools, hell_entry,
          hangedman_abyss_entry_splay, nicolae_lava_and_water,
          hangedman_summoners_spam, minmay_shoptagon
Zot:1:    layout_basic
Zot:2:    layout_onion, st_stairs_7

Skill      XL: |  1  2  3  4  5  6  7  8  9 10 11 12 13 14 15 16 17 18 19 20 21 22 23 24 |
---------------+-------------------------------------------------------------------------+-----
Dodging        | 3 4 5 7 9 11 12 13 14 16 17 18 | 18.5
Stealth        | 3 4 5 6 10 12 14 15 17 | 17.3
Transmutations | 2 |  2.0
Earth Magic    | 4 5 7 9 11 12 13 14 15 16 17 18 19 20 21 | 21.8
Conjurations   | 2 3 5 9 |  9.9
Spellcasting   | 4 6 9 11 12 13 15 16 17 19 20 | 20.4
Shields        | 3 4 |  4.0
Necromancy     | 2 4 6 8 10 11 13 14 15 16 17 18 19 20 21 22 | 22.4
Fighting       | 2 3 5 6 7 8 9 10 11 | 11.9
Armour         | 2 3 4 6 |  6.2
Short Blades   | 6 11 13 14 | 14.0
Ice Magic      | 5 7 |  7.7

Action                   |  1- 3 |  4- 6 |  7- 9 | 10-12 | 13-15 | 16-18 | 19-21 | 22-24 || total
-------------------------+-------+-------+-------+-------+-------+-------+-------+-------++-------
Melee: Unarmed           |     1 |       |       |       |       |       |       |       ||     1
       Rapier            |       |    69 |    76 |    38 |   351 |   411 |   439 |   626 ||  2010
       Whip              |       |     1 |       |       |       |       |       |       ||     1
       Staff             |       |       |       |     8 |       |       |       |       ||     8
       Quick blade       |       |       |       |       |       |       |       |     9 ||     9
 Cast: Sandblast         |    44 |    51 |    50 |    37 |    17 |     6 |     2 |       ||   207
       Stone Arrow       |       |     8 |    77 |    82 |    26 |       |       |       ||   193
       Lee's Rapid Decon |       |       |    33 |   105 |   237 |   105 |   268 |   177 ||   925
       Animate Skeleton  |       |       |    10 |    16 |    23 |       |       |       ||    49
       Vampiric Draining |       |       |     4 |     3 |    11 |    49 |    45 |    54 ||   166
       Passwall          |       |       |     1 |     1 |     1 |       |     3 |     1 ||     7
       Agony             |       |       |       |     3 |     8 |     5 |       |     1 ||    17
       Petrify           |       |       |       |     1 |    10 |     7 |     3 |     6 ||    27
       Iron Shot         |       |       |       |    26 |   202 |   351 |   282 |   418 ||  1279
       Animate Dead      |       |       |       |       |    20 |    22 |    16 |    16 ||    74
       Ozocubu's Armour  |       |       |       |       |     4 |     2 |     3 |     2 ||    11
       Blink             |       |       |       |       |     5 |     6 |     3 |    16 ||    30
       Simulacrum        |       |       |       |       |       |    44 |    63 |    59 ||   166
       Dispel Undead     |       |       |       |       |       |       |    10 |    17 ||    27
       Sublimation of Bl |       |       |       |       |       |       |     5 |     3 ||     8
       Borgnjor's Vile C |       |       |       |       |       |       |    45 |    44 ||    89
       Apportation       |       |       |       |       |       |       |     5 |     3 ||     8
       Infestation       |       |       |       |       |       |       |       |    13 ||    13
       Shatter           |       |       |       |       |       |       |       |     6 ||     6
Invok: Brand Weapon With |       |       |       |       |     1 |       |       |       ||     1
       Receive Corpses   |       |       |       |       |       |     5 |     2 |     4 ||    11
Evoke: Wand              |       |       |       |     1 |     1 |       |       |       ||     2
       Lightning rod     |       |       |       |       |       |     3 |       |     1 ||     4
       Condenser vane    |       |       |       |       |       |       |       |     3 ||     3
  Use: Scroll            |       |       |    23 |    11 |    15 |    13 |     9 |    25 ||    96
       Potion            |       |       |       |       |       |     9 |     4 |    10 ||    23
 Stab: Sleeping          |       |     5 |     7 |     3 |    18 |    10 |    22 |    39 ||   104
       Distracted        |       |       |       |     1 |       |     4 |     1 |     8 ||    14
       Confused          |       |       |       |       |       |       |       |     1 ||     1
Armor: Robe              |     4 |    13 |     8 |       |       |       |       |       ||    25
       Leather armour    |       |       |    34 |     6 |       |       |       |       ||    40
       Troll leather arm |       |       |       |    26 |   118 |   151 |    86 |   172 ||   553
Dodge: Dodged            |    10 |    58 |   122 |   138 |   322 |   359 |   346 |   765 ||  2120
Block: Buckler           |       |    15 |    27 |    35 |   164 |   208 |   191 |   272 ||   912
